 Dungeon Crawl Stone Soup version 0.24.0-3-g28a8eb0610 (webtiles) character file.

Game seed: 10899608686992558387, levelgen mode: deterministic

336 Amplified the Vandal (level 6, -4/46 HPs)
             Began as a Mummy Arcane Marksman on Nov 1, 2019.
             Blown up by Ijyb (20 damage)
             ... with a disintegration bolt
             ... on level 4 of the Dungeon.
             The game lasted 00:08:12 (4367 turns).

Amplified the Vandal (Mummy Arcane Marksman)        Turns: 4367, Time: 00:08:12

Health: -4/46      AC:  3    Str: 13    XL:     6   Next: 28%
Magic:  11/11      EV: 12    Int: 13    God:
Gold:   235        SH:  0    Dex: 14    Spells: 9/11 levels left

rFire    . . .     SeeInvis .   a - +0 hunting sling
rCold    . . .     Gourm    .   (no shield)
rNeg     + + +     Faith    .   b - +0 leather armour
rPois    ∞         Spirit   .   (no helmet)
rElec    .         Reflect  .   (no cloak)
rCorr    .         Harm     .   (no gloves)
MR       .....                  (no boots)
Stlth    +.........             (no amulet)
HPRegen  0.15/turn              h - ring of fire
MPRegen  0.12/turn              (no ring)

@: no status effects
A: no food or potions, fire vulnerability, cold resistance 1, negative energy
resistance 3, torment resistance, unbreathing
a: no special abilities


You were on level 4 of the Dungeon.
You were not hungry.

You visited 1 branch of the dungeon, and saw 4 of its levels.

You collected 235 gold pieces.

Inventory:

Hand Weapons
 a - a +0 hunting sling (weapon)
 g - a +1 dagger of venom
 o - a +0 longbow
Missiles
 c - 104 stones (quivered)
 e - 68 sling bullets
 f - 83 arrows
 n - 9 poisoned darts
Armour
 b - a +0 leather armour (worn)
Magical Staves
 d - an uncursed staff of death
Jewellery
 h - a ring of fire (left hand)
 p - an uncursed ring of fire
Scrolls
 i - 2 scrolls of teleportation
 j - 2 scrolls of identify
 l - a scroll of amnesia
 m - a scroll of remove curse


   Skills:
 + Level 2.8 Fighting
 * Level 2.6 Short Blades
 * Level 3.4 Slings
 - Level 1.5 Dodging
 + Level 3.3 Spellcasting
 - Level 2.6 Hexes


You had 9 spell levels left.
You knew the following spells:

 Your Spells              Type           Power        Failure   Level  Hunger
b - Slow                  Hex            #.......     14%         2    N/A

Your spell library contained the following spells:

 Spells                   Type           Power        Failure   Level  Hunger
 Corona                   Hex            #......      10%         1    N/A
 Inner Flame              Hex/Fire       #.......     43%         3    N/A
 Portal Projectile        Hex/Tloc       #.....       43%         3    N/A
 Cause Fear               Hex            #.........   67%         4    N/A
 Leda's Liquefaction      Hex/Erth       #.........   85%         4    N/A

Dungeon Overview and Level Annotations

Branches:
Dungeon (4/15)
 Temple: D:4-7

Altars:
Ru
Trog
Xom

Annotations:
D:4 Ijyb


Innate Abilities, Weirdness & Mutations

You do not eat or drink.
Your flesh is vulnerable to fire.
You are immune to poison.
Your flesh is cold resistant. (rC+)
You are immune to negative energy. (rN+++)
You are immune to unholy pain and torment.
You can survive without breathing.


Message History

c - 104 stones (gained 15)
You now have 221 gold pieces (gained 4).
p - a ring of fire
Found a quarterstaff.
Okay, then.
Found a stone staircase leading down.
You now have 235 gold pieces (gained 14).
Ijyb the Twisted Goblin comes into view.
She is carrying a wand of disintegration (8).
Ijyb shouts!
Ijyb zaps a wand.
You are blasted!
Ouch! That really hurt!
Found a ring mail.
Unknown command.
Okay, then.
As you read the scroll of fog, it crumbles to dust.
The scroll dissolves into smoke.
Ijyb zaps a wand.
You struggle to resist.
There is a stone staircase leading down here.
Ijyb zaps a wand.
You are blasted!
You die...

##§§§§..................
#§§§.g.................
##..§§..........####...
#..§.........### #.#.
##...........# #.##
##..........# #.##
#####.....###.## #.##
#........## ##.## ##...
####..@..# #..###....
##....# ##.......#
#....# ######..# #....#
##.. .....# ##. ####...
#. .... ##. .#### #..
##.


You could see Ijyb.

Vanquished Creatures
  An orc priest (D:3)
  An orc wizard (D:4)
  7 gnolls
  7 adders
  An ooze (D:1)
  2 worms
  2 dart slugs (D:1)
  6 leopard geckos
  11 orcs
  A giant cockroach (D:2)
  5 goblins
  5 hobgoblins
  4 quokkas
  2 ball pythons
  4 bats
  6 frilled lizards
  10 kobolds
  5 rats
80 creatures vanquished.

Vanquished Creatures (others)
  An ogre (D:4)
  A howler monkey (D:4)
  An orc wizard (D:4)
  A worker ant (D:4)
  A leopard gecko (D:4)
  A jackal (D:4)
6 creatures vanquished.

Grand Total: 86 creatures vanquished

Notes
Turn   | Place    | Note
-------+----------+-------------------------------------------
     0 | D:1      | Amplified the Mummy Arcane Marksman began the quest for the
                  | Orb.
     0 | D:1      | Reached XP level 1. HP: 15/15 MP: 2/2
   227 | D:1      | Reached XP level 2. HP: 21/21 MP: 4/4
   561 | D:2      | Reached XP level 3. HP: 26/26 MP: 6/6
   641 | D:2      | Learned a level 2 spell: Slow
   724 | D:2      | Reached skill level 1 in Short Blades
   844 | D:2      | Found a sacrificial altar of Ru.
  1597 | D:2      | Reached XP level 4. HP: 28/33 MP: 7/7
  2297 | D:2      | Reached XP level 5. HP: 37/38 MP: 9/9
  2499 | D:3      | Found a bloodstained altar of Trog.
  3624 | D:4      | Noticed an ogre
  3634 | D:4      | Killed an ogre
  3634 | D:4      | Reached XP level 6. HP: 46/46 MP: 10/10
  3635 | D:4      | Found a shimmering altar of Xom.
  4356 | D:4      | Noticed Ijyb
  4367 | D:4      | Blown up by Ijyb

Levels and vault maps discovered:
D:1:      dpeg_arrival_central, layout_basic
D:2:      layout_loops_ring, hangedman_ru_absence, first_ration
D:3:      layout_basic, trog_butcher_becter
D:4:      layout_layer_cave, old_standard_altar, xom_confusion_cloud,
          kennysheep_generic_room_8, uniq_ijyb

Skill      XL: |  1  2  3  4  5 |
---------------+----------------+-----
Spellcasting   | 2 3 |  3.3
Slings         | 2 3 |  3.4
Short Blades   | 1 2 |  2.6
Fighting       | 2 |  2.8
Dodging        | |  1.5
Hexes          | |  2.6

Action                   |  1- 3 |  4- 6 || total
-------------------------+-------+-------++-------
Melee: Dagger            |    27 |    74 ||   101
 Fire: Hunting sling     |    79 |   138 ||   217
 Cast: Slow              |       |     2 ||     2
  Use: Scroll            |     3 |     7 ||    10
Armor: Leather armour    |     8 |    34 ||    42
Dodge: Dodged            |    31 |   101 ||   132
